AoeStats
← DJ Blyatman!

Fortress

507927464Analyzed
2v2 RM · 13d ago on Sep 20, 2026· 46m 36s· 4 players
Game mode
Random Map
Map size
Normal (6 player)
Population
200
Speed
Normal
Resources
Standard
Victory
Conquest
Starting age
Dark Age
Ending age
Imperial Age
RankedLock teamsTeams togetherTeam positionsShared explorationLock speedFull tech treeHidden civsTurbo modeCheats
Victory
Defeat
🇫🇷 Celts · France
1234
+17
🇹🇷 Khmer · Türkiye
1208
+17
🇨🇳 Italians · China
1251
-17
🇮🇳 Mongols · India
1246
-17
ormtmc
6:40 Feudal Age
9:52 Castle Age
8:27 Double-Bit Axe
9:10 Horse Collar
16:26 Bow Saw
17:34 Wheelbarrow
19:32 Gold Mining
21:44 Hand Cart
22:22 Forging
22:20 Scale Barding Armor
22:30 Heavy Plow
22:46 Town Watch
23:38 Iron Casting
23:04 Scale Mail Armor
24:53 Chain Mail Armor
27:54 Imperial Age
25:12 Pikeman
25:37 Arson
26:06 Bloodlines
26:25 Ballistics
26:29 Husbandry
25:49 Light Cavalry
28:47 Chain Barding Armor
28:00 Capped Ram
28:04 Hussar
29:25 Conscription
31:06 Chemistry
30:08 Halberdier
32:15 Blast Furnace
31:51 Plate Barding Armor
36:07 Double Crossbow
36:34 Heavy Scorpion
38:37 Siege Engineers
46:01 Loom
clem3613
8:50 Feudal Age
9:47 Double-Bit Axe
12:44 Castle Age
10:51 Horse Collar
14:00 Bow Saw
19:21 Wheelbarrow
19:41 Heavy Plow
19:41 Gold Mining
21:14 Stone Mining
22:32 Gold Shaft Mining
22:34 Stone Shaft Mining
26:32 Imperial Age
24:21 Hand Cart
24:00 Pikeman
24:26 Arson
24:42 Treadmill Crane
25:28 Fortified Wall
25:23 Scale Mail Armor
25:33 Forging
27:33 Furor Celtica
26:46 Onager
28:39 Loom
28:18 Halberdier
29:17 Chain Mail Armor
29:37 Iron Casting
30:28 Conscription
31:33 Plate Mail Armor
30:31 Siege Onager
32:38 Siege Engineers
36:57 Blast Furnace
37:02 Chemistry
36:22 Ballistics
36:13 Masonry
35:59 Murder Holes
Hyderabad (Ind)
8:44 Feudal Age
9:58 Loom
12:31 Castle Age
10:44 Double-Bit Axe
11:38 Scale Barding Armor
11:47 Horse Collar
12:32 Bloodlines
15:17 Fervor
15:26 Horse Collar
17:08 Heavy Plow
17:19 Bow Saw
23:17 Wheelbarrow
22:28 Town Watch
22:59 Stone Mining
22:59 Gold Mining
24:07 Nomads
24:57 Hand Cart
24:42 Town Patrol
24:57 Hand Cart
24:52 Gold Mining
28:48 Imperial Age
26:25 Fletching
26:45 Forging
26:37 Padded Archer Armor
27:43 Gold Shaft Mining
27:44 Stone Shaft Mining
27:23 Husbandry
28:17 Bodkin Arrow
28:33 Thumb Ring
29:14 Leather Archer Armor
29:57 Iron Casting
29:56 Conscription
30:35 Hoardings
30:02 Bracer
29:27 Capped Ram
30:46 Ballistics
31:50 Chemistry
31:05 Siege Ram
33:39 Blast Furnace
33:08 Chain Barding Armor
34:38 Elite Mangudai
34:45 Light Cavalry
35:13 Onager
36:09 Siege Engineers
37:13 Masonry
38:53 Hussar
43:05 Fortified Wall
44:49 Parthian Tactics
43:45 Elite Skirmisher
44:39 Elite Steppe Lancer
DJ Blyatman!
6:48 Feudal Age
10:42 Castle Age
9:02 Double-Bit Axe
9:17 Horse Collar
17:27 Wheelbarrow
17:29 Loom
21:02 Hand Cart
23:34 Imperial Age
21:19 Bow Saw
21:14 Gold Mining
21:15 Stone Mining
21:30 Heavy Plow
21:41 Town Watch
22:00 Fletching
23:25 Bodkin Arrow
23:31 Padded Archer Armor
24:16 Bracer
25:29 Chemistry
25:22 Leather Archer Armor
25:12 Scale Barding Armor
25:55 Stone Shaft Mining
26:00 Bloodlines
25:51 Husbandry
26:02 Forging
26:17 Ballistics
27:38 Conscription
26:52 Light Cavalry
28:15 Ring Archer Armor
27:28 Treadmill Crane
27:35 Arrowslits
28:19 Chain Barding Armor
28:44 Hussar
30:33 Iron Casting
31:08 Plate Barding Armor
30:35 Town Patrol
32:31 Blast Furnace
33:06 Two-Man Saw
34:48 Thumb Ring
36:32 Masonry
36:17 Murder Holes
37:29 Hoardings
38:13 Architecture
37:06 Elite Genoese Crossbowman
39:12 Cavalier
41:07 Silk Road
40:58 Pirotechnia
Connection lost

Rejoining the realm…

Still unreachable

The connection could not be restored.

Session expired

The server has moved on; the page needs a fresh start.